 Dungeon Crawl Stone Soup version 0.26.1-10-gdfb7c7de75 (webtiles) character file.

Game seed: 8228642296773782998

178 tardwrangler69 the Shield-Bearer (level 5, -1/47 HPs)
             Began as a Minotaur Fighter on Apr 1, 2021.
             Slain by an ice beast (11 damage)
             ... on level 3 of the Dungeon.
             The game lasted 00:01:42 (2152 turns).

tardwrangler69 the Shield-Bearer (Minotaur Fighter) Turns: 2152, Time: 00:01:43

Health: -1/47      AC: 12    Str: 27    XL:     5   Next: 32%
Magic:  4/4        EV:  5    Int:  5    God:
Gold:   236        SH: 10    Dex: 10    Spells: 4/4 levels left

rFire    . . .     SeeInvis .   a - +0 war axe
rCold    . . .     Faith    .   c - +0 kite shield
rNeg     . . .     Spirit   .   e - +0 plate armour
rPois    .         Reflect  .   (helmet restricted)
rElec    .         Harm     .   (no cloak)
rCorr    .         Rampage  .   (no gloves)
Will     .....                  (no boots)
Stlth    ..........             (no amulet)
HPRegen  0.15/turn              o - +6 ring of strength
MPRegen  0.09/turn              (no ring)

@: no status effects
A: retaliatory headbutt, horns 2
a: no special abilities


You were on level 3 of the Dungeon.
You visited 1 branch of the dungeon, and saw 3 of its levels.

You collected 236 gold pieces.

Inventory:

Hand Weapons
 a - a +0 war axe (weapon)
Armour
 b - a +0 scale mail
 c - a +0 kite shield (worn)
 e - a +0 plate armour (worn)
Jewellery
 o - a +6 ring of strength (left hand)
Scrolls
 g - a scroll of noise {unknown}
 h - 3 scrolls of fog {unknown}
 i - a scroll of magic mapping {unknown}
 j - 4 scrolls of remove curse {unknown}
 l - a scroll of teleportation {unknown}
 m - 2 scrolls of identify {unknown}
 q - a scroll of enchant weapon {unknown}
Potions
 d - a potion of might
 f - a potion of berserk rage {unknown}
 k - a potion of flight {unknown}
 n - 2 potions of curing {unknown}
 p - 2 potions of ambrosia {unknown}
 r - a potion of brilliance {unknown}


   Skills:
 + Level 4.4 Fighting
 * Level 4.4 Axes
 + Level 4.5 Armour
 - Level 1.0 Dodging
 * Level 4.9 Shields


You had 4 spell levels left.
You didn't know any spells.
Your spell library contained the following spells:

 Spells                   Type           Power        Failure   Level
 Confusing Touch          Hex            0%           100%        3
 Gell's Gravitas          Tloc           0%           100%        3
 Petrify                  Tmut/Erth      0%           100%        4
 Metabolic Englaciation   Hex/Ice        0%           100%        5
 Yara's Violent Unravell  Hex/Tmut       0%           100%        5


Dungeon Overview and Level Annotations

Branches:
Dungeon (3/15)

Altars:
Ru


Innate Abilities, Weirdness & Mutations

You reflexively headbutt those who attack you in melee.
You have a pair of horns on your head.


Message History

The ice beast is heavily wounded.
You block the ice beast's attack.
You closely miss the ice beast.
The ice beast is heavily wounded.
The ice beast hits you but does no damage.
The ice beast barely misses you.
You hit the ice beast but do no damage.
You headbutt the ice beast, but do no damage.
The ice beast is heavily wounded.
You block the ice beast's attack.
Your shield and plate armour prevent you from hitting the ice beast.
The ice beast is heavily wounded.
The ice beast hits you. The ice beast freezes you.
* * * LOW HITPOINT WARNING * * *
Your plate armour prevents you from hitting the ice beast.
The ice beast is heavily wounded.
The ice beast hits you.
* * * LOW HITPOINT WARNING * * *
The ice beast freezes you!
You die...

#.# #.# #.# #.# #.#
#.# #Y# .# #@#### .#
#....# .# ###.## .#
#.# .## #.# ..# #.#
..######## #.#
.........#########.##
>........'..........#


You could see an ice beast.

Vanquished Creatures
  An orc priest (D:3)
  An orc wizard (D:3)
  4 adders
  An ooze (D:2)
  2 worms (D:3)
  2 dart slugs
  5 leopard geckos
  6 orcs (D:3)
  3 giant cockroaches
  10 goblins
  7 hobgoblins
  2 jackals (D:2)
  3 kobolds (D:1)
  2 quokkas (D:3)
  A ball python (D:1)
  2 bats
  3 frilled lizards
  9 rats
64 creatures vanquished.

Notes
Turn   | Place    | Note
-------+----------+-------------------------------------------
     0 | D:1      | tardwrangler69 the Minotaur Fighter began the quest for the
                  | Orb.
     0 | D:1      | Reached XP level 1. HP: 19/19 MP: 0/0
   154 | D:1      | Reached XP level 2. HP: 27/27 MP: 1/1
   846 | D:2      | Reached XP level 3. HP: 33/33 MP: 2/2
   932 | D:2      | Reached skill level 1 in Dodging
  1297 | D:2      | Reached XP level 4. HP: 40/40 MP: 3/3
  1740 | D:3      | Reached XP level 5. HP: 39/46 MP: 4/4
  2017 | D:3      | Found a sacrificial altar of Ru.
  2136 | D:3      | Noticed an ice beast
  2152 | D:3      | Slain by an ice beast

Illustrated notes

Levels and vault maps discovered:
D:1:      dpeg_arrival_windows_large_door, layout_basic, minmay_split_cup_large
D:2:      layout_loops_cross
D:3:      layout_basic, overflow_temple_1_default,
          chequers_serial_rivers_room_b, moated_statue, minmay_ogre_servants

Skill      XL: |  1  2  3  4 |
---------------+-------------+-----
Axes           | 3 4 |  4.4
Armour         | 4 |  4.5
Shields        | 4 |  4.9
Dodging        | 1 |  1.0
Fighting       | 4 |  4.4

Action                   |  1- 3 |  4- 6 || total
-------------------------+-------+-------++-------
Melee: War axe           |    83 |    79 ||   162
       Headbutt          |     9 |     6 ||    15
Armor: Plate armour      |    43 |    44 ||    87
       Scale mail        |     5 |       ||     5
Dodge: Dodged            |    14 |    17 ||    31
Block: Kite shield       |    46 |    36 ||    82
